 Dungeon Crawl Stone Soup version 0.20.1-1-g8b1a95d (webtiles) character file.

201 Irenicus the Slicer (level 6, -3/37 HPs)
             Began as a Kobold Monk on Oct 26, 2017.
             Shot with an arrow by a centaur (7 damage)
             ... on level 4 of the Dungeon.
             The game lasted 00:06:13 (2399 turns).

Irenicus the Slicer (Kobold Monk)                   Turns: 2399, Time: 00:06:13

Health: -3/37      AC:  6    Str:  8    XL:     6   Next: 7%
Magic:  6/6        EV: 16    Int: 12    God:
Gold:   147        SH:  0    Dex: 19    Spells: 5/5 levels left

rFire    . . .     SeeInvis .   a - +0 short sword
rCold    . . .     Gourm    .   (shield restricted)
rNeg     . . .     Faith    .   i - +3 leather armour
rPois    .         Spirit   .   (no helmet)
rElec    .         Reflect  .   (no cloak)
rCorr    .         Harm     .   (no gloves)
MR       .....                  (no boots)
Stlth    ++........             (no amulet)
Regen    0.2/turn               (no ring)
MPRegen  0.1/turn               (no ring)

@: no status effects
A: carnivore 3
a: no special abilities


You were on level 4 of the Dungeon.
You were full.

You visited 1 branch of the dungeon, and saw 4 of its levels.

You collected 147 gold pieces.

Inventory:

Hand Weapons
 a - a +0 short sword (weapon)
Armour
 b - a +0 robe
 i - a +3 leather armour (worn)
Scrolls
 d - 2 scrolls of blinking {unknown}
 f - 2 scrolls of identify {unknown}
 g - 2 scrolls of remove curse {unknown}
 k - 3 scrolls of teleportation {unknown}
 m - a scroll of enchant weapon {unknown}
 n - a scroll of random uselessness {unknown}
 p - a scroll of enchant armour {unknown}
Potions
 e - a potion of magic {unknown}
 h - 2 potions of curing
 j - a potion of brilliance {unknown}
 o - 2 potions of heal wounds {unknown}
Comestibles
 c - 2 meat rations
 l - 2 royal jellies
 q - 2 chunks of flesh


   Skills:
 - Level 3.2 Fighting
 + Level 8.3 Short Blades
 - Level 3.6 Dodging
 - Level 2.6 Stealth


You had 5 spell levels left.
You didn't know any spells.

Dungeon Overview and Level Annotations

Branches:
Dungeon (4/15)
 Temple: D:4-7

Altars:
Dithmenos
Elyvilon
Trog

Annotations:
D:3 Grinder


Innate Abilities, Weirdness & Mutations

You are small and have problems with some larger weapons.
You are carnivorous and can eat meat at any time.


Message History

You hit the orc.
You kill the orc!
Things that are here:
a hand axe; a leather armour; an orc corpse You butcher the orc corpse.
q - 3 chunks of flesh
Things that are here:
a hand axe; a leather armour Eat one of 3 chunks of flesh? (ye/n/q)
You eat one of the 3 chunks of flesh.
This raw flesh tastes great.
A centaur comes into view.
The centaur moves out of view.
The centaur shouts!
The centaur wields a runed shortbow.
The centaur shoots an arrow.
The arrow closely misses you.
You see here an arrow.
The centaur shoots an arrow.
The arrow hits you!
* * * LOW HITPOINT WARNING * * *
x2 The centaur shoots an arrow.
The arrow hits you!
You die...

##.> ###... .#
#....####.#
#......"..#
#.......c.?
#........
#..(..###.# ##
#@....... ####.
#(#####.# .....###
## #.# .......# .#
#.# .......###.#
#)# ....†..##..#
#'# ###.†.)#o.#
##.# ####....#
##..#####
##...####.........


You could see a centaur.

Vanquished Creatures
  A scorpion (D:4)
  A howler monkey (D:4)
  A hound (D:4)
  An adder (D:3)
  2 worms
  A dart slug (D:2)
  3 leopard geckos
  3 orcs
  2 ball pythons (D:1)
  A giant cockroach (D:3)
  6 goblins
  7 hobgoblins
  9 kobolds
  A quokka (D:2)
  9 bats
  5 frilled lizards
  7 rats
60 creatures vanquished.

Notes
Turn   | Place    | Note
-------+----------+-------------------------------------------
     0 | D:1      | Irenicus the Kobold Monk began the quest for the Orb.
     0 | D:1      | Reached XP level 1. HP: 14/14 MP: 1/1
   475 | D:1      | Reached XP level 2. HP: 10/19 MP: 2/2
   505 | D:1      | You fall through a shaft!
   583 | D:1      | Reached skill level 5 in Short Blades
   813 | D:1      | Reached XP level 3. HP: 11/23 MP: 3/3
   979 | D:2      | Found a white marble altar of Elyvilon.
  1544 | D:2      | Reached skill level 6 in Short Blades
  1637 | D:3      | Found a shadowy altar of Dithmenos.
  1652 | D:3      | Reached XP level 4. HP: 18/28 MP: 4/4
  1837 | D:3      | Noticed Grinder
  1841 | D:3      | Paralysed by Grinder for 4 turns
  2215 | D:3      | Found a bloodstained altar of Trog.
  2286 | D:4      | Reached skill level 7 in Short Blades
  2286 | D:4      | Reached XP level 5. HP: 32/32 MP: 5/5
  2318 | D:4      | Reached skill level 8 in Short Blades
  2318 | D:4      | Reached XP level 6. HP: 16/37 MP: 6/6
  2399 | D:4      | Shot with an arrow by a centaur

Skill      XL: |  1  2  3  4  5 |
---------------+----------------+-----
Short Blades   | 5 6 7 8 |  8.3
Fighting       | |  3.2
Dodging        | |  3.6
Stealth        | |  2.6

Action                   |  1- 3 |  4- 6 || total
-------------------------+-------+-------++-------
Melee: Short sword       |   126 |   123 ||   249
  Use: Potion            |     1 |       ||     1
 Stab: Sleeping          |    15 |     3 ||    18
       Distracted        |     1 |       ||     1
  Eat: Chunk             |     3 |     7 ||    10
Armor: Robe              |     2 |       ||     2
       Leather armour    |     6 |    23 ||    29
Dodge: Dodged            |    69 |    57 ||   126
